 Dungeon Crawl Stone Soup version 0.30-a0-266-g2b27a225a3 (webtiles) character file.

Game seed: 15136784927102350080

112 Harunobu the Cudgeller (level 4, -1/29 HPs)
             Began as a Gargoyle Monk on Oct 14, 2022.
             Slain by a water moccasin (8 damage)
             ... on level 3 of the Dungeon.
             The game lasted 00:05:36 (3265 turns).

Harunobu the Cudgeller (Gargoyle Monk)              Turns: 3265, Time: 00:05:36

Health: -1/29      AC: 12    Str: 16    XL:     4   Next: 93%
Magic:  4/4        EV: 10    Int: 15    God:
Gold:   42         SH:  0    Dex:  8    Spells: 3/3 levels left

rFire   + . .      SeeInvis .    o - +2 short sword (vamp)
rCold   . . .      Faith    .    (no shield)
rNeg    + . .      Spirit   .    j - +2 scale mail of Living Fun {rF+ Regen+ Int+4 Dex-4}
rPois   ∞          Reflect  .    q - +0 helmet
rElec   +          Harm     .    (no cloak)
rCorr   .          Rampage  .    (no gloves)
Will    .....                    (no boots)
Stlth   +.........               (no amulet)
HPRegen 1.04/turn                (no ring)
MPRegen 0.09/turn                (no ring)

@: no status effects
A: sickness immunity, AC +3, negative energy resistance 1, electricity
resistance, torment resistance 1, petrification resistance
a: no special abilities


You were on level 3 of the Dungeon.
You visited 1 branch of the dungeon, and saw 3 of its levels.

You collected 42 gold pieces.

Inventory:

Hand Weapons
 a - a +0 mace
 f - a +0 whip
 o - a +2 vampiric short sword (weapon)
Armour
 b - a +0 robe
 j - the +2 scale mail of Living Fun (worn) {rF+ Regen+ Int+4 Dex-4}
   (You found it on level 2 of the Dungeon)

   Int:       It affects your intelligence (+4).
   Dex:       It affects your dexterity (-4).
   rF:        It protects you from fire.
   Regen:     It increases your rate of health regeneration.
 q - a +0 helmet (worn)
Wands
 l - a wand of mindburst (13)
 m - a wand of paralysis (12)
Scrolls
 e - a scroll of identify {unknown}
 g - 2 scrolls of teleportation {unknown}
 k - a scroll of noise {unknown}
 p - a scroll of fear {unknown}
 r - a scroll of blinking {unknown}
Potions
 c - a potion of ambrosia
 d - 2 potions of cancellation {unknown}
 h - 2 potions of might {unknown}
 i - 3 potions of curing {unknown}
 n - a potion of flight {unknown}


   Skills:
 + Level 3.9 Fighting
 * Level 4.0 Maces & Flails
 + Level 1.0 Armour
 + Level 3.0 Dodging
 + Level 2.9 Stealth


You had 3 spell levels left.
You didn't know any spells.
Your spell library contained the following spells:

 Spells                   Type           Power      Damage    Failure   Level
 Gell's Gravitas          Tloc           0%         N/A       96%         3
 Lesser Beckoning         Tloc           0%         N/A       96%         3
 Teleport Other           Tloc           0%         N/A       96%         3


Dungeon Overview and Level Annotations

Branches:
Dungeon (3/15)

Altars:

Annotations:
D:1 Grinder


Innate Abilities, Weirdness & Mutations

You are immune to sickness and miasma.
Your stone body is resilient. (AC +3)
You are immune to poison.
You resist negative energy. (rN+)
You are resistant to electric shocks. (rElec)
You are resistant to unholy torment.
You are immune to petrification.


Message History

The water moccasin is heavily wounded.
The water moccasin bites you but does no damage.
You closely miss the water moccasin.
The water moccasin is heavily wounded.
The water moccasin bites you but does no damage.
The water moccasin barely misses you.
You barely miss the water moccasin.
The water moccasin is heavily wounded.
The water moccasin closely misses you.
You closely miss the water moccasin.
The water moccasin is heavily wounded.
The water moccasin bites you.
You barely miss the water moccasin.
The water moccasin is heavily wounded.
The water moccasin bites you but does no damage.
The water moccasin bites you.
You barely miss the water moccasin.
The water moccasin is heavily wounded.
The water moccasin barely misses you.
You completely miss the water moccasin.
The water moccasin is heavily wounded.
The water moccasin bites you.
The water moccasin bites you but does no damage.
You barely miss the water moccasin.
The water moccasin is heavily wounded.
The water moccasin bites you.
You hit the water moccasin.
The water moccasin is severely wounded.
The water moccasin bites you but does no damage.
You miss the water moccasin.
The water moccasin is severely wounded.
The water moccasin bites you but does no damage.
The water moccasin bites you.
You closely miss the water moccasin.
The water moccasin is severely wounded.
The water moccasin bites you.
* * * LOW HITPOINT WARNING * * *
The water moccasin attacks as you move away!
The water moccasin barely misses you. The water moccasin bites you!
You die...

#.#..#..######. #
#.#............
#..[..#..#######
##.....#..###.#######..
.............#.........
.#.....#....###.#####.#
.#.....##..## ##.##
....#. ...## ##.#
.##...###..# ##@##
..... ....#.###S## ....
.......#K## ####
#####.).######
#........## #..........
###.####.## #.# # #.#


You could see a water moccasin and a kobold.

Vanquished Creatures
  Jessica (D:3)
  2 adders (D:2)
  A dart slug (D:2)
  2 orcs (D:3)
  8 endoplasms
  6 giant cockroaches
  4 goblins
  7 hobgoblins
  A quokka (D:2)
  7 ball pythons
  6 bats
  2 frilled lizards
  5 kobolds
  8 rats
60 creatures vanquished.

Notes
Turn   | Place    | Note
-------+----------+-------------------------------------------
     0 | D:1      | Harunobu the Gargoyle Monk began the quest for the Orb.
     0 | D:1      | Reached XP level 1. HP: 14/14 MP: 1/1
   322 | D:1      | You fall into a shaft and drop 1 floor!
   361 | D:2      | Reached XP level 2. HP: 19/19 MP: 2/2
   580 | D:2      | Reached XP level 3. HP: 24/24 MP: 3/3
  1089 | D:2      | Identified the +2 scale mail of Living Fun {rF+ Regen+
                  | Int+4 Dex-4}
  1900 | D:3      | Noticed Grinder
  2076 | D:3      | Reached XP level 4. HP: 29/29 MP: 4/4
  2137 | D:3      | Paralysed by Grinder for 2 turns
  2143 | D:3      | Paralysed by Grinder for 3 turns
  2166 | D:2      | Paralysed by Grinder for 4 turns
  2893 | D:2      | Paralysed by Grinder for 4 turns
  3066 | D:3      | Noticed Jessica
  3073 | D:3      | Killed Jessica
  3074 | D:3      | Reached skill level 4 in Maces & Flails
  3074 | D:3      | Reached skill level 1 in Armour
  3218 | D:3      | Noticed a water moccasin
  3265 | D:3      | Slain by a water moccasin

Illustrated notes

Levels and vault maps discovered:
D:1:      matt_arrival_grand_opening, layout_loops_ring,
          hangedman_decor_growths, dreamdust_princess_corridor
D:2:      layout_basic
D:3:      layout_loops_ring, mainiacjoe_overflow_alcove_1, serial_shops, shop,
          uniq_ijyb, uniq_jessica, uniq_grinder

Skill      XL: |  1  2  3  4 |
---------------+-------------+-----
Dodging        | 3 |  3.0
Maces & Flails | 4 |  4.0
Armour         | 1 |  1.0
Fighting       | |  3.9
Stealth        | |  2.9

Action                   |  1- 3 |  4- 6 || total
-------------------------+-------+-------++-------
Melee: Mace              |    15 |       ||    15
       Whip              |   132 |    56 ||   188
       Punch             |     1 |     2 ||     3
       Short sword       |       |   125 ||   125
 Stab: Sleeping          |     5 |       ||     5
Armor: Robe              |    25 |       ||    25
       Scale mail        |    43 |   118 ||   161
Dodge: Dodged            |    66 |    93 ||   159

Table legend: (Time is in decaauts)
 A = Elapsed time spent in this place.
 B = Non-inter-level travel time spent in this place.
 C = Inter-level travel time spent in this place.
 D = Time resting spent in this place.
 E = Time spent auto-exploring this place.
 F = Levels seen in this place.
 G = Mean time per level.
                   A        B        C        D        E       F      G
               +--------+--------+--------+--------+--------+-----+--------+
         Total |   3255 |   3110 |    145 |   1007 |   1342 |   3 | 1085.0 |
       Dungeon |   3255 |   3110 |    145 |   1007 |   1342 |   3 | 1085.0 |
               +--------+--------+--------+--------+--------+-----+--------+

Top non-repeatable levels by time:
     D:2: 1761 daAuts
     D:1: 1025 daAuts
     D:3: 469 daAuts
